AoeStats
← er47777459

Arena

509598095Analyzed
1v1 RM · 6d ago on Sep 27, 2026· 42m 31s· 2 players
Game mode
Random Map
Map size
Tiny (2 player)
Population
200
Speed
Normal
Resources
Standard
Victory
Conquest
Starting age
Dark Age
Ending age
Imperial Age
RankedLock teamsTeams togetherTeam positionsShared explorationLock speedFull tech treeHidden civsTurbo modeCheats
Victory
Defeat
🇹🇷 Spanish · Türkiye
1108
+16
🇦🇷 Magyars · Argentina
1099
-16
er47777459
10:18 Feudal Age
14:24 Castle Age
12:57 Double-Bit Axe
14:31 Stone Mining
19:31 Bow Saw
21:04 Horse Collar
21:42 Gold Mining
23:25 Heavy Plow
25:11 Corvinian Army
26:47 Wheelbarrow
27:29 Scale Barding Armor
29:40 Gold Shaft Mining
30:31 Hand Cart
30:01 Town Watch
30:54 Chain Barding Armor
38:11 Imperial Age
35:49 Fletching
35:59 Padded Archer Armor
36:23 Bloodlines
37:45 Husbandry
38:11 Ballistics
38:31 Thumb Ring
38:36 Bodkin Arrow
38:57 Leather Archer Armor
40:07 Two-Man Saw
39:40 Crop Rotation
39:43 Conscription
40:41 Chemistry
40:28 Plate Barding Armor
40:21 Bracer
40:51 Ring Archer Armor
41:06 Ring Archer Armor
41:45 Parthian Tactics
41:45 Recurve Bow
Tolstoyevski
10:38 Feudal Age
14:24 Castle Age
13:02 Double-Bit Axe
23:41 Bow Saw
23:48 Horse Collar
24:33 Heavy Plow
26:53 Wheelbarrow
29:20 Imperial Age
26:43 Loom
27:03 Fletching
27:57 Fortified Wall
28:37 Bodkin Arrow
29:09 Hand Cart
29:15 Scale Barding Armor
29:27 Bloodlines
29:18 Husbandry
29:44 Gold Mining
31:37 Two-Man Saw
31:38 Murder Holes
34:21 Light Cavalry
35:25 Chain Barding Armor
35:16 Forging
34:49 Elite Conquistador
35:10 Hussar
37:12 Plate Barding Armor
37:45 Conscription
38:56 Chemistry
38:08 Masonry
38:48 Iron Casting
Connection lost

Rejoining the realm…

Still unreachable

The connection could not be restored.

Session expired

The server has moved on; the page needs a fresh start.